 Dungeon Crawl Stone Soup version 0.31-a0-1172-g9944ec47dd (webtiles) character file.

Game seed: 5988632729251351933

4 Firecrotchwizard the Sneak (level 1, 0/20 HPs)
             Began as a Hill Orc Delver on Dec 10, 2023.
             Slain by an adder (2 damage)
             ... on level 4 of the Dungeon.
             The game lasted 00:00:34 (117 turns).

Firecrotchwizard the Sneak (Hill Orc Delver)         Turns: 117, Time: 00:00:35

Health: 0/20       AC:  3    Str: 14    XL:     1   Next: 70%
Magic:  1/1        EV: 11    Int: 10    God:
Gold:   15         SH:  0    Dex: 12    Spells: 0/0 levels left

rFire   . . .        a - +0 hand axe
rCold   . . .        (no shield)
rNeg    . . .        b - +0 leather armour
rPois   .            (no helmet)
rElec   .            (no cloak)
rCorr   .            (no gloves)
SInv    .            (no boots)
Will    .....        (no amulet)
Stlth   ++           (no ring)
HPRegen 0.23/turn    (no ring)
MPRegen 0.07/turn

%: no passive effects
@: lethally poisoned (0 -> -7)
A: no striking features
a: no special abilities


You were on level 4 of the Dungeon.
You visited 1 branch of the dungeon, and saw 2 of its levels.

You collected 15 gold pieces.

Inventory:

Hand Weapons
 a - a +0 hand axe (weapon)
Armour
 b - a +0 leather armour (worn)
Wands
 g - a wand of digging (3)
Scrolls
 d - a scroll of revelation
 e - a scroll of fear
 f - a scroll of fog
Potions
 c - a potion of haste
 h - a potion of curing {unknown}


   Skills:
 + Level 3.7 Fighting
 * Level 3.1 Axes
 - Level 1.5 Dodging
 - Level 4.1 Stealth


You couldn't memorise any spells.
You didn't know any spells.
Your spell library was empty.

Dungeon Overview and Level Annotations

Branches:
Dungeon (5/15)
 Temple: D:4-7

Altars:

Annotations:
D:4 exclusions: adder and black bear


Message History

Lua error: /dgldir/rcfiles/crawl-git/Firecrotchwizard.rc:334: '' expected near 'end' Welcome, Firecrotchwizard the Hill Orc Delver.
A smirking vizier told you that the Orb of Zot is just within this dungeon.
Press ? for a list of commands and other information.
Found a stone staircase leading down.
Found a mace.
Sorry, you're not good enough to have a special ability.
Found a stone staircase leading up.
Found a scroll labelled KEGISM KOTO.
Found an escape hatch in the ceiling.
There is a stone staircase leading up here.
You climb upwards.
There is a stone staircase leading down here.
A quokka comes into view.
Found a golden potion.
The quokka bites you but does no damage.
You hit the quokka.
The quokka is almost dead.
The quokka bites you.
You barely miss the quokka.
The quokka is almost dead.
The quokka bites you but does no damage.
The quokka completely misses you.
You hit the quokka.
You kill the quokka!
No target in view!
No target in view!
HP restored.
An adder and a black bear come into view.
Placed new exclusion.
Press: ? - help, . - travel You can't see that place. [the floor.] Placed new exclusion.
An orc comes into view. It is wielding a +0 dagger.
The orc shouts!
You hit the orc.
The orc is severely wounded.
The orc hits you with a +0 dagger.
You hit the orc but do no damage.
The orc is severely wounded.
The orc barely misses you.
You closely miss the orc.
The orc is severely wounded.
The orc barely misses you.
You hit the orc.
You kill the orc!
Your Axes skill increases to level 3!
No target in view!
No target in view!
No target in view!
h - a golden potion You open the door.
There is an open door here.
You now have 15 gold pieces.
An adder comes into view.
An adder is nearby!
An endoplasm comes into view.
The endoplasm moves out of view.
A ball python comes into view.
Found 3 poisoned darts.
Found a scroll labelled LODAEZIBUS.
The ball python hisses angrily.
The ball python closely misses you. The ball python grabs you.
The ball python constricts you.
The adder hisses angrily.
The endoplasm quivers.
You hit the ball python.
You kill the ball python!
The adder bites you but does no damage.
You closely miss the adder. The adder bites you but does no damage.
The adder bites you.
You are poisoned.
The adder poisons you!
You barely miss the adder.
You feel sick. The adder bites you.
You are more poisoned.
The adder poisons you!
You hit the adder.
The adder is moderately wounded.
* * * LOW HITPOINT WARNING * * *
You feel very sick. The adder misses you.
You hit the adder.
The adder is heavily wounded.
You hit the endoplasm.
* * * LOW HITPOINT WARNING * * *
You feel sick. The adder barely misses you. The endoplasm barely misses you.
The adder bites you.
* * * LOW HITPOINT WARNING * * *
You are more poisoned.
The adder poisons you!
You hit the adder but do no damage.
The adder is heavily wounded.
You hit the endoplasm.
You kill the endoplasm!
* * * LOW HITPOINT WARNING * * *
You feel very sick. The adder bites you.
You die...

### #.# #######.# ##.
...?.#.# #.....
#...#.###..#...
+..........(...
.##....S....... #..
......#@#.#... #..
#..#.....#.# #.#
............# #.#
.##...#.....# #.#####
.....##.##..# #......
........###.######.....)
#.#.##..................
........###..#####.#####
## ##### #..#####.###


You could see an adder.

Vanquished Creatures
  An orc (D:4)
  A ball python (D:4)
  An endoplasm (D:4)
  A quokka (D:4)
4 creatures vanquished.

Notes
Turn   | Place    | Note
-------+----------+-------------------------------------------
     0 | D:5      | Firecrotchwizard the Hill Orc Delver began the quest for
                  | the Orb.
     0 | D:5      | Reached XP level 1. HP: 19/19 MP: 1/1
    27 | D:4      | Noticed a black bear
   117 | D:4      | Slain by an adder

Illustrated notes

Levels and vault maps discovered:
D:4:      layout_basic, uniq_crazy_yiuf_cottage
D:5:      layout_basic, roderic_batcave

Skill      XL: |  1 |
---------------+----+-----
Axes           | 3 |  3.1
Fighting       | |  3.7
Dodging        | |  1.5
Stealth        | |  4.1

Action                     || total
---------------------------++-------
  Melee: Hand axe          ||    13
 Armour: Leather armour    ||    10
  Dodge: Dodged            ||     7

Table legend: (Time is in decaauts)
 A = Elapsed time spent in this place.
 B = Non-inter-level travel time spent in this place.
 C = Inter-level travel time spent in this place.
 D = Time resting spent in this place.
 E = Time spent auto-exploring this place.
 F = Levels seen in this place.
 G = Mean time per level.
                   A        B        C        D        E       F      G
               +--------+--------+--------+--------+--------+-----+--------+
         Total |    118 |    110 |      8 |      0 |     75 |   2 |   59.0 |
       Dungeon |    118 |    110 |      8 |      0 |     75 |   2 |   59.0 |
               +--------+--------+--------+--------+--------+-----+--------+

Top non-repeatable levels by time:
     D:4: 105 daAuts
     D:5: 13 daAuts
